 Dungeon Crawl Stone Soup version 0.21-a0-521-g1cd18d1 (console) character file.

119 nht the Slinger (level 5, 0/34 HPs)
             Began as a Halfling Hunter on Dec 5, 2017.
             Succumbed to a worker ant's poison
             ... on level 4 of the Dungeon.
             The game lasted 00:04:14 (1891 turns).

nht the Slinger (Halfling Hunter)                   Turns: 1891, Time: 00:04:14

Health: 0/34       AC:  4    Str: 12 (13) XL:     5   Next: 24%
Magic:  5/5        EV: 14    Int: 10 (11) God:
Gold:   166        SH:  0    Dex: 14 (16) Spells: 4/4 levels left

rFire    . . .     SeeInvis .   x - -1 short sword (curse)
rCold    . . .     Gourm    .   (shield restricted)
rNeg     . . .     Faith    .   y - +0 leather armour (curse)
rPois    .         Spirit   .   (no helmet)
rElec    .         Reflect  .   (no cloak)
rCorr    .         Harm     .   h - +0 pair of gloves (curse)
MR       .....                  (no boots)
Stlth    +.........             (no amulet)
HPRegen  0.11/turn              r - ring of wizardry
MPRegen  0.09/turn              (no ring)

@: lethally poisoned (0 -> -6)
A: small, clever 1, mutation resistance 1
a: no special abilities


You were on level 4 of the Dungeon.
You were not hungry.

You visited 1 branch of the dungeon, and saw 4 of its levels.

You collected 166 gold pieces.

Inventory:

Hand Weapons
 a - a +1 hunting sling
 b - a +0 short sword
 x - a cursed -1 short sword (weapon)
Missiles
 d - 41 sling bullets
 j - 22 poisoned needles
 o - 6 tomahawks (quivered)
 p - 71 stones
 s - a throwing net
 v - 5 curare-tipped needles
Armour
 h - a cursed +0 pair of gloves (worn)
 y - a cursed +0 leather armour (worn)
Jewellery
 r - a ring of wizardry (left hand)
Scrolls
 n - a scroll of identify
Potions
 m - a potion of flight
Comestibles
 c - a fruit
 f - 3 bread rations
 k - a meat ration
 w - a royal jelly


   Skills:
 - Level 1.7 Fighting
 + Level 8.9 Slings
 - Level 2.1 Dodging
 - Level 1.1 Stealth


You had 4 spell levels left.
You didn't know any spells.

Dungeon Overview and Level Annotations

Branches:
Dungeon (4/15)
 Temple: D:4-7

Altars:
Hepliaklqana
Kikubaaqudgha


Innate Abilities, Weirdness & Mutations

You are small and have problems with some larger weapons.
You are somewhat resistant to further mutation.
Your mind is acute. (Int +2)


Message History

You feel sick. The worker ant barely misses you.
You hit the worker ant.
The worker ant is moderately wounded.
You feel sick. The worker ant bites you!
* * * LOW HITPOINT WARNING * * *
Okay, then.
You feel extremely strange.
You feel clever.
* * * LOW HITPOINT WARNING * * *
You feel sick. The worker ant closely misses you.
Unknown command.
Okay, then.
The worker ant barely misses you.
* * * LOW HITPOINT WARNING * * *
You feel sick.
* * * LOW HITPOINT WARNING * * *
You feel sick.
* * * LOW HITPOINT WARNING * * *
You feel sick.
You die...

.████..███.█
█..█ █.█ █.█
█..█ █.█ █.█
█..█ █.█
█.████..███.█
........█<..█
█.█████.███.█
█.█ █.█ █.█
█.█ █@█ ███
█.█████.█
█...o.a.█


█████████ You could see a worker ant.

Vanquished Creatures
  5 adders
  A worm (D:2)
  2 dart slugs (D:2)
  2 leopard geckos
  6 orcs (D:3)
  A giant cockroach (D:2)
  5 goblins
  8 hobgoblins
  4 jackals (D:2)
  2 quokkas (D:2)
  3 ball pythons
  7 bats
  4 frilled lizards (D:2)
  6 kobolds
  4 rats
60 creatures vanquished.

Notes
Turn   | Place    | Note
-------+----------+-------------------------------------------
     0 | D:1      | nht the Halfling Hunter began the quest for the Orb.
     0 | D:1      | Reached XP level 1. HP: 14/14 MP: 1/1
    24 | D:1      | Reached skill level 6 in Slings
    86 | D:1      | Reached XP level 2. HP: 19/19 MP: 2/2
   488 | D:2      | Found a faded altar of an unknown god.
   499 | D:2      | Reached skill level 7 in Slings
   499 | D:2      | Reached XP level 3. HP: 24/24 MP: 3/3
   720 | D:2      | Reached XP level 4. HP: 25/29 MP: 4/4
   935 | D:2      | Reached skill level 8 in Slings
  1234 | D:3      | Reached XP level 5. HP: 25/34 MP: 5/5
  1672 | D:3      | Found a hazy altar of Hepliaklqana.
  1672 | D:3      | Found an ancient bone altar of Kikubaaqudgha.
  1884 | D:4      | Gained mutation: Your mind is acute. (Int +2) [potion of mutation]
  1887 | D:4      | HP: 1/34 [poisoned by a worker ant]
  1891 | D:4      | Succumbed to a worker ant's poison

Vault maps used:
D:1:      tarquinn_simple_flora_water_e
D:2:      first_bread, chequers_ecumenical_altar_simple,
          kennysheep_generic_room_3
D:3:      gammafunk_temple_overflow_elements, roderic_three_in_a_row
D:4:      uniq_edmund, uniq_sigmund

Skill      XL: |  1  2  3  4 |
---------------+-------------+-----
Slings         | 6 7 8 |  8.9
Fighting       | |  1.7
Dodging        | |  2.1
Stealth        | |  1.1

Action                   |  1- 3 |  4- 6 || total
-------------------------+-------+-------++-------
Melee: Short sword       |       |    13 ||    13
 Fire: Hunting sling     |    75 |    97 ||   172
  Use: Potion            |       |     4 ||     4
       Scroll            |       |     7 ||     7
  Eat: Chunk             |       |     3 ||     3
Armor: Leather armour    |     5 |    15 ||    20
       Skin              |       |     3 ||     3
Dodge: Dodged            |    17 |    54 ||    71

Table legend:
 A = Spawn XP
 B = Non-spawn XP
 C = Spawn XP percentage of total XP
 D = Spawn monster count
 E = Non-spawn monster count
 F = Spawn count percentage of total count
 G = Total turns spent on level
                    A         B        C        D         E        F      G
               +---------+---------+-------+---------+---------+-------+---------
         Total |       0 |     171 |   0.0 |       0 |      60 |   0.0 |  1891
               +---------+---------+-------+---------+---------+-------+---------
           D:1 |       0 |      22 |   0.0 |       0 |      14 |   0.0 |   482
           D:2 |       0 |      97 |   0.0 |       0 |      27 |   0.0 |   716
           D:3 |       0 |      52 |   0.0 |       0 |      19 |   0.0 |   648
               +---------+---------+-------+---------+---------+-------+---------
